 Dungeon Crawl Stone Soup version 0.24-a0-760-g74cc3ae (webtiles) character file.

Game seed: 6702986838726666454, levelgen mode: deterministic

76 Firecrotchwizard the Cudgeler (level 4, 0/67 HPs)
             Began as a Troll Berserker on Oct 3, 2019.
             Was a Believer of Trog.
             Slain by an orc priest
             ... wielding a +0 hand axe
              (5 damage)
             ... on level 3 of the Dungeon.
             The game lasted 00:02:46 (1672 turns).

Firecrotchwizard the Cudgeler (Troll Berserker)     Turns: 1672, Time: 00:02:47

Health: 0/67       AC:  6    Str: 30    XL:     4   Next: 12%
Magic:  12/12      EV: 10    Int:  4    God:    Trog [**....]
Gold:   77         SH:  0    Dex:  9    Spells: 3/3 levels left

rFire    . . .     SeeInvis .   n - +2 trident (pierce)
rCold    . . .     Gourm    +   (no shield)
rNeg     . . .     Faith    .   b - +0 animal skin
rPois    .         Spirit   .   (helmet restricted)
rElec    .         Reflect  .   (no cloak)
rCorr    .         Harm     .   (gloves unavailable)
MR       .....                  (boots unavailable)
Stlth    ..........             (no amulet)
HPRegen  0.61/turn              d - ring of magical power {MP+9}
MPRegen  0.13/turn              (no ring)

@: berserking (expiring), very quick
A: large, unfitting armour, claws 3, fast metabolism 3, gourmand, regeneration
1, shaggy fur 1, tough skin 3
a: Berserk, Trog's Hand, Renounce Religion


You were on level 3 of the Dungeon.
You worshipped Trog.
Trog was pleased with you.
You were very full.

You visited 1 branch of the dungeon, and saw 3 of its levels.

You collected 77 gold pieces.

Inventory:

Hand Weapons
 a - a +0 mace
 n - a +2 trident of piercing (weapon)
   (You took it off an orc on level 2 of the Dungeon)
Armour
 b - a +0 animal skin (worn)
Jewellery
 d - a ring of magical power (left claw) {MP+9}
   (You found it on level 1 of the Dungeon)
 j - an uncursed amulet of guardian spirit {unknown}
   (You found it on level 1 of the Dungeon)
Scrolls
 f - 3 scrolls of identify {unknown}
 h - a scroll of teleportation {unknown}
 k - a scroll of fog {unknown}
 m - a scroll of immolation {unknown}
Potions
 e - 5 potions of curing {unknown}
 g - 3 potions of might {unknown}
 l - a potion of agility {unknown}
Comestibles
 c - 3 rations
 i - 6 chunks of flesh {@w0}


   Skills:
 + Level 3.0 Fighting
 * Level 4.1 Maces & Flails
 - Level 2.4 Dodging


You had 3 spell levels left.
You didn't know any spells.
Your spell library was empty.

Dungeon Overview and Level Annotations

Branches:
Dungeon (3/15)

Altars:


Innate Abilities, Weirdness & Mutations

You are too large for most types of armour.
You have claws for hands.
Your metabolism is lightning-fast.
You like to eat raw meat.
Your natural rate of healing is unusually fast.
You are covered in fur. (AC +1)
You have extremely tough skin. (AC +3)


Message History

Eating one of 4 chunks of flesh {@w0}.
You eat one of the 4 chunks of flesh {@w0}.
This raw flesh tastes great.
There is a stone staircase leading down, spattered with blood here.
You climb downwards.
The rat barely misses you. The rat bites you but does no damage.
There is a stone staircase leading up here.
You regained 2 hp, and now have 28/37 hp.
There are monsters nearby!
You hit the rat.
You kill the rat!
Trog accepts your kill.
You have reached level 4!
You regained 7 hp, and now have 35/45 hp.
MP restored: 12 You puncture the orc!
You kill the orc!
Trog accepts your kill.
You puncture the orc!
You kill the orc!
Trog accepts your kill.
No target in view!
No target in view!
You start resting.
Health restored: 45
Things that are here:
a +0 short sword; a rat corpse You butcher the rat corpse.
i - 4 chunks of flesh {@w0} (gained 1)
Things that are here:
a +0 short sword; a rat skeleton
Things that are here:
a +0 short sword; a rat skeleton
Things that are here:
a +0 leather armour; an orc corpse You butcher the orc corpse.
i - 6 chunks of flesh {@w0} (gained 2)
Things that are here:
a +0 leather armour; an orc skeleton
Things that are here:
a +0 leather armour; an orc skeleton
Things that are here:
a +0 short sword; a rat skeleton
Found a stone staircase leading down. 2 orcs come into view.
The orc shouts!
You hear a shout!
An orc priest comes into view.
An orc priest comes into view. It is wielding a +0 hand axe.
The orc priest shouts! x2
Attack whom?
Aim: an orc, wielding a +0 flail You reach to attack!
You puncture the orc!
You kill the orc!
Trog accepts your kill.
The orc priest looks satisfied for a moment.
You hit the orc. The orc closely misses you.
You hit the orc. The orc barely misses you.
The orc priest hits you with a +0 hand axe.
The orc priest calls down the wrath of Beogh upon you.
Pain shoots through your body!
You take 9 damage, and have 36/45 hp.
You puncture the orc!
You kill the orc!
Trog accepts your kill.
The orc priest hits you but does no damage.
The orc priest invokes the aid of Beogh against you.
Beogh smites you!
You take 9 damage, and have 27/45 hp.
You are too injured to fight recklessly!
You closely miss the orc priest. The orc priest closely misses you.
The orc priest mumbles some strange prayers to Beogh against you.
Beogh smites you!
You take 12 damage, and have 15/45 hp.
MASSIVE DAMAGE!!
A red film seems to cover your vision as you go berserk!
You feel yourself moving faster!
You feel mighty! The orc priest closely misses you.
You now have 23/67 hp.
You barely miss the orc priest. The orc priest closely misses you.
The orc priest hits you with a +0 hand axe.
You take 2 damage, and have 21/67 hp.
You barely miss the orc priest.
The orc priest miscasts a cantrip.
The orc priest hits you but does no damage.
You closely miss the orc priest. The orc priest closely misses you.
You barely miss the orc priest.
The orc priest calls down the wrath of Beogh upon you.
Pain shoots through your body!
The orc priest invokes the aid of Beogh against you.
Beogh smites you!
* * * LOW HITPOINT WARNING * * *
You take 16 damage, and have 6/67 hp.
MASSIVE DAMAGE!!
You barely miss the orc priest.
The orc priest hits you with a +0 hand axe.
* * * LOW HITPOINT WARNING * * *
You take 2 damage, and have 4/67 hp.
You barely miss the orc priest. The orc priest closely misses you.
The orc priest hits you with a +0 hand axe.
You die...

........ #....# #
......... #....##..#
......... # #....##..#
#.......## #.#....##..#
#.(.....##
##..........###.........
...$............#.##>...
#..oo#.......#.......
###.#)@#.......#####.##
........................
###.....#.#####.#####...
#..#..#.# #.# #...
#..#..#.#####.#####...
... ...................
### .........########.##
#.####.#. #.# #. #.#.
#.#


You could see 2 orc priests.

Vanquished Creatures
  An adder (D:2)
  3 dart slugs
  8 orcs
  2 giant cockroaches
  5 goblins
  7 hobgoblins
  2 jackals (D:2)
  A ball python (D:1)
  8 bats
  2 frilled lizards
  6 kobolds
  9 rats
54 creatures vanquished.

Notes
Turn   | Place    | Note
-------+----------+-------------------------------------------
     0 | D:1      | Firecrotchwizard the Troll Berserker began the quest for
                  | the Orb.
     0 | D:1      | Reached XP level 1. HP: 22/22 MP: 0/0
   336 | D:1      | Reached skill level 3 in Maces & Flails
   365 | D:1      | Reached XP level 2. HP: 29/29 MP: 1/1
   975 | D:2      | Reached XP level 3. HP: 32/36 MP: 2/2
  1160 | D:2      | Reached ** piety under Trog
  1347 | D:2      | Reached skill level 3 in Fighting
  1585 | D:2      | Reached skill level 4 in Maces & Flails
  1604 | D:3      | Reached XP level 4. HP: 34/45 MP: 3/3
  1670 | D:3      | HP: 6/67 [orc priest/divine providence (16)]
  1672 | D:3      | Slain by an orc priest

Levels and vault maps discovered:
D:1:      minmay_arrival_nine_rooms, layout_basic, minmay_fountain_box
D:2:      layout_loops_ring
D:3:      layout_basic, nemelex_xobeh_ov_fountains_minmay, uniq_sigmund,
          uniq_terence, uniq_crazy_yiuf_cottage

Skill      XL: |  1  2  3 |
---------------+----------+-----
Maces & Flails | 3 4 |  4.1
Fighting       | 3 |  3.0
Dodging        | |  2.4

Action                   |  1- 3 |  4- 6 || total
-------------------------+-------+-------++-------
Melee: Mace              |   146 |       ||   146
       Trident           |     1 |    13 ||    14
Invok: Berserk           |       |     1 ||     1
 Stab: Sleeping          |     1 |       ||     1
  Eat: Chunk             |    21 |       ||    21
Armor: Animal skin       |    73 |     2 ||    75
Dodge: Dodged            |    98 |     7 ||   105

Table legend:
 A = Non-vault XP
 B = Vault XP
 C = Vault XP percentage of total XP
 D = Non-vault monster count
 E = Vault monster count
 F = Vault count percentage of total count
                 A         B        C        D         E       F
            +---------+---------+-------+---------+---------+-------
      Total |     109 |       0 |   0.0 |      54 |       0 |   0.0
            +---------+---------+-------+---------+---------+-------
        D:1 |      36 |       0 |   0.0 |      25 |       0 |   0.0
        D:2 |      57 |       0 |   0.0 |      23 |       0 |   0.0
        D:3 |      16 |       0 |   0.0 |       6 |       0 |   0.0
            +---------+---------+-------+---------+---------+-------

Levels and vault maps discovered:
D:1:      minmay_arrival_nine_rooms, layout_basic, minmay_fountain_box
D:2:      layout_loops_ring
D:3:      layout_basic, nemelex_xobeh_ov_fountains_minmay, uniq_sigmund,
          uniq_terence, uniq_crazy_yiuf_cottage

Table legend:
 A = Turns spent in this place as a percentage of turns spent in the entire game.
 B = Non-inter-level travel turns spent in this place as a percentage of non-inter-level travel turns spent in the entire game.
 C = Inter-level travel turns spent in this place as a percentage of turns spent in this place.
 D = Turns resting spent in this place as a percentage of non-inter-level travel turns spent in this place.
 E = Turns spent auto-exploring this place as a percentage of non-inter-level travel turns spent in this place.
 F = Non-inter-level travel turns spent in this place divided by the number of levels of this place that you've seen.
                   A       B       C       D       E      F
               +-------+-------+-------+-------+-------+----------------------
         Total | 100.0 | 100.0 |   2.6 |   6.4 |  72.6 | 543.0
       Dungeon | 100.0 | 100.0 |   2.6 |   6.4 |  72.6 | 543.0
               +-------+-------+-------+-------+-------+----------------------

Table legend:
 A = Kills in this place as a percentage of kills in entire the game.
 B = Kills by you in this place as a percentage of kills by you in the entire game.
 C = Kills by friends in this place as a percentage of kills by friends in the entire game.
 D = Other kills in this place as a percentage of other kills in the entire game.
 E = Experience gained in this place as a percentage of experience gained in the entire game.
 F = Experience gained in this place divided by the number of levels of this place that you have seen.
                   A       B       C       D       E      F
               +-------+-------+-------+-------+-------+----------------------
         Total | 100.0 | 100.0 |   N/A |   N/A | 100.0 |  36.3
       Dungeon | 100.0 | 100.0 |   N/A |   N/A | 100.0 |  36.3
               +-------+-------+-------+-------+-------+----------------------
